Map: [ESL] Hecate

Players

Classic - Winner!

  • Race: Protoss Protoss
  • Spawn Location: 1:00

SKillous

  • Race: Protoss Protoss
  • League: Grandmaster
  • Spawn Location: 7:00

Event: IEM Katowice 2024

VOD

Have the link to the VOD?

Description

Time

  • Played on: Dec. 8, 2023, 12:14 p.m.
  • Length: 11:46

All games in this series

Show
View Real Time Build Order
Export as new Build Order

Classic Protoss - Winner!

Build Orders: Oracle Opening 

Get SALT Encoding   

  12  0:00  Probe  
  13  0:12  Probe  
  14  0:17  Pylon  
  14  0:24  Probe  
  15  0:36  Gateway  
  15  0:37  Probe (Chrono Boost)  
  16  0:46  Assimilator, Probe (Chrono Boost)  
  17  0:51  Probe (Chrono Boost)  
  17  0:56  Assimilator  
  18  1:03  Probe (Chrono Boost)  
  19  1:08  Gateway  
  19  1:13  Probe (Chrono Boost)  
  19  1:18  Probe (Chrono Boost)  
  20  1:24  Cybernetics Core  
  21  1:29  Probe  
  22  1:35  Pylon  
  22  1:41  Probe  
  23  1:53  Probe  
  24  2:02  Warp Gate, Adept x2  
  28  2:08  Pylon  
  28  2:18  Stargate  
  28  2:32  Adept x2  
  31  2:55  Nexus  
  31  3:01  Oracle (Chrono Boost)  
  34  3:12  Pylon  
  34  3:26  Probe  
  35  3:28  Oracle (Chrono Boost)  
  38  3:38  Probe  
  39  3:44  Twilight Council  
  39  3:51  Probe  
  40  4:06  Probe (Chrono Boost)  
  40  4:09  Probe (Chrono Boost)  
  42  4:14  Blink (Chrono Boost)  
  43  4:18  Probe (Chrono Boost)  
  43  4:19  Probe (Chrono Boost)  
  43  4:23  Gateway, Probe (Chrono Boost)  
  44  4:27  Probe  
  46  4:35  Probe  
  47  4:40  Probe  
  46  4:46  Stalker x2  
  46  4:47  Probe  
  46  4:52  Probe  
  52  4:56  Assimilator, Pylon  
  52  5:00  Probe  
  52  5:04  Probe  
  54  5:12  Stalker x2  
  58  5:19  Probe x2  
  60  5:28  Gateway, Stalker  
  62  5:31  Probe x2  
  64  5:38  Stalker x2  
  64  5:41  Pylon  
  66  5:45  Probe x2  
  64  5:55  Stalker  
  64  5:56  Pylon  
  63  6:04  Stalker x2  
  67  6:17  Nexus  
  67  6:20  Pylon  
  67  6:23  Stalker x2  
  71  6:27  Stalker, Pylon  
  71  6:28  Stalker  
  69  6:49  Stalker x2  
  69  6:50  Probe x2 (Chrono Boost)  
  69  6:52  Stalker x2  
  69  6:53  Robotics Facility  
  79  6:57  Charge  
  79  7:02  Probe x2 (Chrono Boost)  
  81  7:09  Probe x2 (Chrono Boost)  
  83  7:16  Probe x2  
  83  7:17  Stalker x2  
  83  7:19  Stalker  
  91  7:23  Stalker  
  91  7:26  Pylon  
  93  7:30  Probe x2  
  79  7:46  Probe x3  
  79  7:50  Stalker x4  
  85  8:00  Gateway  
  85  8:01  Gateway  
  85  8:03  Gateway x2  
  85  8:05  Observer (Chrono Boost)  
  86  8:13  Pylon  
  86  8:15  Forge  
  86  8:16  Sentry  
  86  8:17  Zealot x2  
  86  8:18  Zealot  
  94  8:23  Warp Prism (Chrono Boost)  
  94  8:48  Sentry x2  
  96  8:55  Nexus  
  96  8:56  Pylon  
  96  8:58  Zealot x4  
  96  9:00  Probe x2  
  96  9:02  Protoss Ground Weapons Level 1 (Chrono Boost)  
  106  9:07  Sentry, Zealot  
  110  9:16  Pylon  
  110  9:25  Zealot x3  
  110  9:26  Zealot x3  
  118  9:43  Observer (Chrono Boost)  
  118  9:45  Zealot x2  
  117  9:48  Zealot x4  
  119  10:11  Warp Prism (Chrono Boost)  
  117  10:25  Stalker x4  
  117  10:27  Pylon  
  123  10:37  Probe x3  
  123  10:40  Observer (Chrono Boost)  
  125  10:49  Probe  
  126  10:50  Photon Cannon  
  126  10:56  Observer (Chrono Boost)  
  127  10:57  Stalker x2  
  127  11:04  Zealot x6  
  135  11:07  Pylon  
  135  11:09  Observer (Chrono Boost)  
  132  11:33  Zealot x2  
  132  11:34  Zealot x3  
  132  11:35  Zealot  
Show
View Real Time Build Order
Export as new Build Order

SKillous Protoss 

Build Orders: Blink Stalkers 

Get SALT Encoding   

  12  0:00  Probe  
  13  0:12  Probe  
  14  0:17  Pylon  
  14  0:24  Probe (Chrono Boost)  
  15  0:36  Gateway, Probe (Chrono Boost)  
  16  0:45  Probe (Chrono Boost)  
  16  0:46  Assimilator  
  17  0:50  Probe  
  17  0:54  Assimilator  
  18  1:03  Probe (Chrono Boost)  
  19  1:09  Gateway  
  19  1:12  Probe (Chrono Boost)  
  19  1:17  Probe (Chrono Boost)  
  20  1:20  Pylon  
  21  1:29  Probe  
  22  1:37  Cybernetics Core  
  22  1:41  Probe  
  23  1:53  Probe  
  24  2:14  Warp Gate, Stalker x2  
  28  2:20  Pylon  
  29  2:26  Pylon  
  29  2:28  Shield Battery  
  29  2:29  Probe  
  29  2:43  Sentry  
  29  2:44  Sentry  
  33  2:55  Nexus  
  33  2:57  Probe  
  34  3:12  Shield Battery  
  36  3:16  Twilight Council  
  36  3:18  Probe  
  37  3:24  Stalker  
  37  3:30  Shield Battery  
  37  3:32  Probe  
  38  3:42  Shield Battery  
  38  3:45  Pylon  
  38  3:47  Probe  
  39  3:50  Blink (Chrono Boost)  
  39  4:03  Probe (Chrono Boost)  
  39  4:05  Stalker  
  39  4:06  Stalker  
  39  4:08  Probe (Chrono Boost)  
  45  4:15  Probe (Chrono Boost)  
  45  4:22  Probe (Chrono Boost)  
  46  4:35  Stalker x2  
  48  4:39  Probe (Chrono Boost)  
  45  4:48  Probe (Chrono Boost)  
  45  4:50  Probe (Chrono Boost)  
  46  4:55  Probe x2 (Chrono Boost)  
  46  4:58  Stalker  
  46  4:59  Stalker  
  52  5:06  Probe (Chrono Boost)  
  53  5:07  Probe (Chrono Boost)  
  53  5:20  Probe x2 (Chrono Boost)  
  53  5:28  Probe (Chrono Boost), Stalker  
  55  5:29  Probe (Chrono Boost)  
  55  5:36  Probe  
  55  5:38  Stalker, Probe  
  59  5:48  Probe, Pylon  
  60  5:50  Probe  
  60  5:54  Robotics Facility  
  60  6:00  Probe  
  60  6:02  Probe  
  60  6:12  Probe  
  60  6:14  Probe, Stalker x2  
  60  6:17  Pylon  
  66  6:24  Probe  
  67  6:27  Probe  
  67  6:29  Assimilator  
  68  6:34  Shield Battery  
  68  6:37  Stalker x2  
  64  6:42  Immortal (Chrono Boost)  
  68  6:49  Gateway  
  68  6:50  Gateway  
  68  6:51  Probe  
  67  7:02  Stalker x2  
  71  7:14  Probe  
  72  7:25  Pylon  
  72  7:26  Stalker x2  
  76  7:30  Nexus  
  66  7:37  Probe  
  66  7:40  Immortal (Chrono Boost)  
  67  7:49  Probe x2  
  62  7:58  Adept x2  
  65  8:02  Dark Shrine  
  65  8:03  Probe x2 (Chrono Boost)  
  67  8:08  Sentry  
  67  8:10  Stalker  
  67  8:11  Observer  
  73  8:13  Probe x2 (Chrono Boost)  
  73  8:17  Probe (Chrono Boost)  
  73  8:19  Probe  
  75  8:26  Stalker  
  78  8:28  Shield Battery  
  78  8:29  Probe  
  78  8:31  Probe  
  80  8:41  Resonating Glaives (Chrono Boost), Stalker x2  
  84  8:48  Shield Battery  
  80  8:50  Shield Battery  
  80  8:52  Shield Battery  
  80  8:54  Pylon  
  80  8:58  Shield Battery  
  80  9:02  Sentry, Adept  
  84  9:14  Dark Templar  
  84  9:16  Forge  
  86  9:17  Dark Templar  
  86  9:20  Observer  
  88  9:25  Shield Battery  
  88  9:26  Pylon  
  82  9:42  Sentry, Stalker  
  83  9:46  Probe  
  83  9:50  Stalker x2  
  71  10:12  Observer (Chrono Boost)  
  67  10:16  Stalker  
  67  10:20  Adept x2  
  69  10:21  Probe  
  69  10:22  Assimilator, Probe  
  69  10:25  Zealot  
  73  10:30  Assimilator  
  75  10:40  Nexus, Pylon  
  71  10:43  Gateway x2  
  71  10:44  Probe  
  71  10:48  Stalker x2  
  77  10:51  Stalker  
  78  10:59  Stalker  
  78  11:03  Probe x2  
  82  11:17  Stalker  
  77  11:23  Sentry  
  77  11:24  Stalker  
  77  11:33  Stalker  

Tags
 
Add a new tag
Caveats
  • Supply blocks, unpowered buildings, or Contaminate may cause inaccurate times.
  • Supply counts are checked every 10 seconds.